Map: [ESL] Berlingrad

Players

Rogue - Winner!

  • Race: Zerg Zerg

Ryung

  • Race: Terran Terran

Event: IEM Katowice 2022

VOD

Have the link to the VOD?

Description

Time

  • Played on: Feb. 26, 2022, 10:07 a.m.
  • Length: 14:09

All games in this series

Show
View Real Time Build Order
Export as new Build Order

Rogue Zerg - Winner!

Build Orders: Hatch First 

Get SALT Encoding   

  12  0:00  Drone  
  13  0:12  Overlord  
  13  0:16  Drone  
  14  0:30  Drone  
  14  0:31  Drone  
  16  0:48  Hatchery  
  15  0:50  Drone  
  15  0:54  Drone  
  17  0:57  Drone  
  18  1:08  Extractor  
  17  1:13  Spawning Pool  
  17  1:15  Drone  
  17  1:19  Drone  
  18  1:28  Drone  
  19  1:40  Drone  
  20  1:50  Drone  
  21  1:59  Queen x2  
  21  2:00  Zergling x4  
  27  2:11  Zergling x2  
  27  2:12  Overlord  
  28  2:21  Hatchery  
  27  2:24  Drone  
  28  2:31  Drone  
  28  2:32  Drone  
  28  2:33  Drone  
  31  2:39  Queen  
  31  2:43  Metabolic Boost  
  33  2:48  Overlord  
  33  2:53  Drone  
  33  2:54  Drone  
  33  2:56  Drone  
  36  3:07  Drone  
  36  3:08  Drone  
  36  3:12  Drone x3  
  41  3:15  Queen  
  41  3:17  Overlord  
  43  3:20  Drone  
  44  3:34  Queen, Overlord  
  44  3:35  Drone  
  44  3:36  Drone  
  48  3:42  Zergling x4  
  48  3:44  Drone x3  
  48  3:45  Queen  
  54  3:52  Queen  
  56  3:56  Overlord  
  56  3:59  Zergling x2  
  56  4:01  Overlord  
  57  4:06  Overlord  
  57  4:13  Queen  
  60  4:17  Zergling x6  
  60  4:19  Drone x2  
  60  4:20  Drone x4  
  68  4:28  Lair  
  68  4:29  Extractor  
  67  4:32  Baneling Nest  
  67  4:33  Drone  
  67  4:36  Drone x4  
  67  4:38  Drone  
  72  4:42  Drone x3  
  75  4:47  Drone  
  75  4:48  Drone x3  
  75  4:51  Spore Crawler  
  75  4:52  Extractor  
  77  4:53  Drone, Extractor  
  77  4:56  Spore Crawler  
  75  5:00  Drone x4  
  75  5:03  Drone x2  
  75  5:04  Spore Crawler  
  80  5:07  Drone  
  80  5:08  Overlord  
  80  5:12  Overlord  
  81  5:18  Overlord  
  81  5:21  Extractor  
  80  5:25  Drone  
  80  5:26  Overlord  
  80  5:28  Zergling x10  
  86  5:31  Centrifugal Hooks  
  86  5:34  Zergling x2  
  86  5:35  Zergling x4  
  89  5:42  Zergling x10  
  94  5:43  Evolution Chamber  
  94  5:49  Zergling x6  
  96  5:52  Baneling x9  
  96  5:57  Zergling x6  
  96  5:58  Zergling x2  
  96  6:02  Baneling x8  
  96  6:03  Baneling x2  
  100  6:07  Zergling x10  
  100  6:08  Zergling x2  
  105  6:17  Zerg Ground Armor Level 1  
  105  6:19  Zergling x12  
  105  6:21  Baneling x3  
  111  6:27  Baneling x8  
  111  6:29  Overlord  
  111  6:35  Zergling x2  
  111  6:36  Zergling x2  
  111  6:38  Overseer  
  113  6:40  Overlord  
  113  6:43  Overlord  
  112  6:47  Zergling x8  
  112  6:48  Zergling x10  
  120  6:54  Zergling x2  
  120  6:55  Zergling x2  
  108  7:04  Drone  
  108  7:05  Drone x6, Spire  
  108  7:07  Extractor  
  103  7:13  Zergling x2  
  103  7:15  Zergling x4  
  96  7:22  Drone x3  
  98  7:23  Drone x3  
  98  7:25  Drone  
  98  7:26  Evolution Chamber  
  98  7:29  Zergling x2  
  103  7:30  Zergling x2  
  103  7:36  Hatchery  
  102  7:39  Baneling  
  102  7:40  Baneling x10  
  102  7:42  Zergling x6  
  102  7:43  Zergling x4  
  106  7:47  Baneling x5  
  106  7:48  Zergling x2  
  107  7:54  Zergling x10  
  107  7:57  Zergling x2  
  107  7:58  Zergling x4  
  115  8:05  Zergling x6  
  117  8:07  Zergling x2  
  117  8:11  Zerg Ground Armor Level 2  
  117  8:12  Zerg Melee Weapons Level 1  
  119  8:14  Overlord  
  119  8:16  Drone x2  
  121  8:20  Overlord  
  120  8:35  Mutalisk  
  120  8:36  Mutalisk x7  
  136  8:42  Mutalisk  
  136  8:44  Zergling x8  
  136  8:47  Extractor  
  141  8:52  Mutalisk x2  
  141  8:55  Zergling x8  
  145  8:56  Zergling x2  
  145  9:01  Drone x3  
  149  9:09  Mutalisk x3  
  148  9:11  Overlord x2  
  148  9:13  Zergling x4  
  152  9:20  Mutalisk  
  152  9:22  Zergling x2  
  152  9:23  Zergling x10  
  157  9:29  Hatchery  
  156  9:32  Mutalisk x2  
  156  9:35  Mutalisk  
  156  9:37  Zergling x6  
  165  9:39  Zergling x2  
  165  9:42  Zergling x2  
  165  9:45  Drone x5  
  172  9:48  Burrow  
  172  9:49  Pneumatized Carapace  
  172  9:53  Overlord  
  172  9:56  Drone x3  
  172  9:57  Overlord  
  172  9:59  Overlord  
  175  10:10  Zerg Melee Weapons Level 2, Zerg Flyer Weapons Level 1  
  175  10:15  Baneling x2  
  175  10:17  Spore Crawler  
  175  10:18  Drone x4  
  175  10:20  Zergling x2  
  175  10:21  Infestation Pit, Zergling x2  
  179  10:24  Zergling x8  
  179  10:25  Zergling x6  
  179  10:27  Zergling x2  
  187  10:29  Zergling x2  
  187  10:30  Zergling x6  
  191  10:47  Hatchery  
  190  10:51  Zergling x2  
  190  10:52  Zergling x2  
  190  10:55  Baneling x6  
  190  10:56  Drone, Spore Crawler  
  190  10:57  Drone x4  
  196  10:58  Drone  
  196  11:01  Hive  
  196  11:03  Overlord x2  
  197  11:11  Hatchery  
  196  11:13  Drone  
  197  11:24  Zergling x4  
  199  11:31  Overseer  
  199  11:32  Overseer x3  
  199  11:38  Baneling x15  
  199  11:39  Baneling x13  
  199  11:41  Baneling x8  
  199  11:42  Baneling x8  
  199  11:46  Baneling x13  
  199  11:50  Zergling x2, Extractor  
  199  12:04  Zergling x2  
  189  12:08  Zergling x2  
  189  12:09  Zergling x20  
  189  12:11  Zergling x2  
  200  12:16  Ultralisk Cavern  
  200  12:20  Zergling x2  
  200  12:25  Baneling x7  
  200  12:26  Baneling x3  
  200  12:34  Zergling x2  
  200  12:36  Zergling x22  
  199  12:58  Baneling x12  
  192  12:59  Zergling x14  
  192  13:00  Zergling x8  
  177  13:16  Zergling x18  
  177  13:17  Zergling x42  
  177  13:19  Zergling x6  
  199  13:20  Zergling x6  
  199  13:21  Zergling x2  
  199  13:22  Zergling x2  
  199  13:24  Zergling x12  
  194  13:30  Zergling x8  
  196  13:38  Baneling, Zergling x2  
  196  13:39  Baneling x24  
  196  13:40  Baneling x4  
  196  13:41  Zergling x6  
Show
View Real Time Build Order
Export as new Build Order

Ryung Terran 

Build Orders:  

Get SALT Encoding   

  12  0:00  SCV  
  13  0:12  SCV  
  14  0:17  Supply Depot  
  14  0:24  SCV  
  15  0:38  SCV  
  15  0:39  Barracks  
  16  0:43  Refinery  
  16  0:50  SCV  
  17  1:02  SCV  
  18  1:14  SCV  
  19  1:25  Marine  
  20  1:27  Orbital Command  
  20  1:39  Command Center  
  20  1:49  Factory  
  20  1:53  SCV  
  21  2:02  Barracks Reactor  
  21  2:05  SCV  
  22  2:10  Supply Depot  
  22  2:17  SCV  
  22  2:18  Refinery  
  23  2:32  SCV  
  23  2:33  Hellion  
  26  2:39  Starport, Marine x2  
  26  2:44  SCV  
  29  2:53  Orbital Command  
  29  2:54  Hellion  
  29  2:56  SCV  
  32  2:59  Marine  
  32  3:02  Marine  
  34  3:08  SCV  
  35  3:15  Medivac  
  35  3:16  Factory Tech Lab  
  35  3:19  SCV  
  38  3:20  SCV  
  38  3:21  Marine  
  38  3:22  Marine  
  41  3:27  Supply Depot  
  41  3:31  SCV  
  41  3:32  SCV  
  43  3:43  SCV  
  43  3:44  SCV, Factory Tech Lab  
  45  3:49  Barracks  
  45  3:50  Starport Reactor  
  45  3:53  Stimpack  
  45  3:54  Barracks  
  46  3:55  SCV  
  46  3:56  SCV  
  46  4:00  Marine  
  48  4:05  Engineering Bay  
  48  4:07  SCV  
  48  4:09  SCV  
  50  4:14  Factory Tech Lab  
  50  4:16  Refinery  
  50  4:17  Supply Depot  
  50  4:19  Marine  
  50  4:21  SCV x2  
  53  4:28  Supply Depot  
  53  4:33  SCV, Barracks  
  53  4:36  Starport Reactor  
  53  4:37  Terran Infantry Weapons Level 1  
  54  4:45  SCV x2  
  56  4:46  Marine  
  56  4:47  Marine x2  
  56  4:49  Siege Tank  
  56  4:52  Supply Depot  
  62  4:57  SCV x2, Marine x2  
  66  5:04  Refinery  
  66  5:05  Marine  
  67  5:09  SCV, Marine x2  
  67  5:14  SCV, Medivac x2  
  73  5:15  Marine  
  73  5:19  Supply Depot  
  73  5:21  Combat Shield  
  76  5:24  SCV, Marine  
  78  5:37  Supply Depot  
  78  5:40  Supply Depot, SCV, Marine x4, Siege Tank  
  86  5:47  Supply Depot  
  86  5:58  Marine x6  
  86  5:59  Medivac  
  86  6:01  Supply Depot, Medivac  
  96  6:08  SCV x2  
  98  6:14  Siege Tank  
  98  6:16  Marine x6  
  107  6:21  Supply Depot  
  107  6:23  Supply Depot  
  107  6:29  Medivac  
  107  6:31  Medivac  
  111  6:34  Marine x6  
  111  6:35  Terran Infantry Armor Level 1  
  117  6:52  Marine x6  
  117  6:53  Siege Tank  
  88  7:10  Marine x6  
  74  7:25  Siege Tank  
  74  7:27  Marine x6  
  83  7:40  Liberator x2  
  89  7:45  Marine x6  
  89  7:48  Command Center  
  95  8:03  Marine x6  
  101  8:06  Siege Tank  
  101  8:09  Supply Depot  
  101  8:11  Supply Depot  
  104  8:15  Barracks  
  104  8:21  Marine x6  
  110  8:28  Liberator x2  
  116  8:35  Supply Depot x2  
  116  8:38  Siege Tank  
  116  8:39  Marine x6  
  125  8:48  Armory  
  125  8:57  Marine x5  
  125  8:58  Marine  
  131  9:03  Barracks Reactor, Engineering Bay  
  131  9:07  SCV x2  
  133  9:13  Siege Tank  
  133  9:14  Marine x4  
  133  9:15  Marine  
  141  9:20  Marine  
  141  9:21  Planetary Fortress  
  120  9:29  Medivac  
  122  9:32  Marine x4, Medivac  
  128  9:39  Terran Infantry Weapons Level 2  
  128  9:43  Terran Infantry Armor Level 2  
  128  9:50  SCV, Refinery x2  
  128  9:52  SCV  
  130  9:53  Marine x2  
  132  10:01  SCV  
  132  10:02  SCV, Factory  
  132  10:04  Marine x3  
  137  10:08  Terran Vehicle Weapons Level 1  
  137  10:15  Marine x2  
  137  10:21  Liberator  
  145  10:28  Thor  
  142  10:30  SCV x3  
  142  10:32  Supply Depot, Marine  
  142  10:33  Supply Depot, Marine  
  153  10:37  Missile Turret  
  153  10:40  Marine  
  156  10:49  Drilling Claws  
  154  10:51  Marine x4  
  154  10:53  Marine  
  159  10:58  Marine  
  159  11:00  Barracks Reactor  
  159  11:02  Widow Mine x2  
  164  11:09  Marine x4  
  164  11:11  Thor  
  168  11:16  Marine  
  168  11:17  Liberator x2  
  182  11:21  Marauder, Concussive Shells  
  183  11:28  Marauder  
  183  11:29  Widow Mine  
  183  11:30  Widow Mine, Sensor Tower  
  189  11:39  Marine  
  189  11:40  Marine x5  
  189  11:42  Marine  
  196  11:48  Marine  
  197  12:05  Widow Mine  
  196  12:24  Marine  
  197  12:31  Marine x5, Command Center  
  197  12:32  Widow Mine, Marine, Marauder  
  177  12:38  Siege Tank  
  177  12:41  Marine  
  178  12:49  Marine x6  
  183  12:53  Marine  
  178  12:59  Marine  
  177  13:07  Marine x6  
  177  13:11  Marine  
  165  13:17  Marine  
  138  13:24  Widow Mine  
  138  13:25  Marine x6  
  119  13:27  Widow Mine  
  119  13:29  Marine  
  119  13:31  Widow Mine  
  124  13:35  Marine  
  125  13:41  SCV  
  125  13:42  SCV x2, Marine x4  
  125  13:43  Marine x2  
  125  13:46  Marine  

Tags
 
Add a new tag
Caveats
  • Supply blocks, unpowered buildings, or Contaminate may cause inaccurate times.
  • Supply counts are checked every 10 seconds.